 Dungeon Crawl Stone Soup version 0.31-b1-22-gc680215f68 (webtiles) character file.

Game seed: 10604454438558516534

249 PaiMei the Grave Robber (level 5, -1/39 HPs)
             Began as a Demonspawn Necromancer on Jan 18, 2024.
             Slain by Pargi (8 damage)
             ... in a sewer.
             The game lasted 00:04:56 (5596 turns).

PaiMei the Grave Robber (Demonspawn Necromancer)    Turns: 5596, Time: 00:04:56

Health: -1/39      AC:  2    Str:  8    XL:     5   Next: 86%
Magic:  2/9        EV: 13    Int: 17    God:
Gold:   184        SH:  4    Dex: 14    Spells: 6/10 levels left

rFire   . . .        t - +1 hand axe (flame)
rCold   . . .        (no shield)
rNeg    . . .        a - +0 robe
rPois   .            (no helmet)
rElec   .            (no cloak)
rCorr   .            (no gloves)
SInv    .            (no boots)
Will    .....        (no amulet)
Stlth   ++           (no ring)
HPRegen 0.26/turn    (no ring)
MPRegen 0.11/turn

%: no passive effects
@: very slightly contaminated
A: hooves 1, condensation shield
a: no special abilities


You were in a sewer.
You visited 1 branch of the dungeon, and saw 5 of its levels.
You also visited: Sewer.

You collected 184 gold pieces.

Inventory:

Hand Weapons
 e - a +0 club
 t - a +1 hand axe of flaming (weapon)
Missiles
 l - 6 curare-tipped darts (quivered)
 x - 6 poisoned darts
Armour
 a - a +0 robe (worn)
Wands
 p - a wand of paralysis (5)
Scrolls
 c - a scroll of silence {unknown}
 d - 3 scrolls of immolation {unknown}
 f - 2 scrolls of blinking {unknown}
 g - 2 scrolls of revelation {unknown}
 i - 6 scrolls of teleportation {unknown}
 k - 3 scrolls of enchant weapon {unknown}
 m - a scroll of brand weapon {unknown}
 n - 3 scrolls of identify {unknown}
 o - a scroll of vulnerability {unknown}
 q - a scroll of amnesia {unknown}
 r - a scroll of enchant armour {unknown}
 y - a scroll of fog {unknown}
Potions
 b - a potion of magic
 h - 2 potions of degeneration {unknown}
 j - 2 potions of curing {unknown}
 s - a potion of enlightenment {unknown}
 u - a potion of heal wounds {unknown}
 v - a potion of berserk rage {unknown}
 w - a potion of attraction {unknown}
 z - 2 potions of brilliance {unknown}
 A - a potion of experience {unknown}
 B - a potion of haste {unknown}


   Skills:
 + Level 2.4 Fighting
 + Level 3.1 Dodging
 - Level 2.0 Stealth
 + Level 3.2 Spellcasting
 + Level 5.4 Necromancy


You had 6 spell levels left.
You knew the following spells:

 Your Spells              Type           Power      Damage    Failure   Level
a - Necrotise             Necr           84%        1d8       1%          1
b - Vampiric Draining     Necr           21%        2d7       5%          3

Your spell library contained the following spells:

 Spells                   Type           Power      Damage    Failure   Level
 Shock                    Conj/Air       8%         1d3       17%         1
 Animate Dead             Necr           21%        N/A       19%         4
 Swiftness                Air            2%         N/A       45%         3
 Curse of Agony           Necr           21%        N/A       45%         5
 Airstrike                Air            1%         2d(1-17)  86%         4


Dungeon Overview and Level Annotations

Branches:
Dungeon (5/15)              Sewer (1/1)
 Temple: D:4-7

Altars:

Shops:
D:1 :

Annotations:
D:3 Sigmund Sewer Pargi


Innate Abilities, Weirdness & Mutations

You have large cloven feet.
A meltable shield of frost defends you. (SH +4)


Message History

The ball python bites your adder skeleton.
The ball python grabs your adder skeleton.
The ball python constricts your adder skeleton.
Your adder skeleton bites the ball python.
Pargi misses you. Pargi claws you. Pargi barely misses you.
The ball python completely misses your adder skeleton.
The ball python constricts your adder skeleton.
Casting: Necrotise (safe; 1% risk of failure)
Confirm with . or Enter, or press ? or * to list all spells.
Aiming: Necrotise (safe; 1% risk of failure)
Press: ? - help, Shift-Dir - straight line, f/p - Pargi
Aim: Pargi (moderately wounded, chance to affect: 85%)
You miscast Necrotise.
You are very lightly contaminated with residual magic.
Nothing appears to happen.
Your adder skeleton closely misses the ball python.
The ball python bites your adder skeleton.
The ball python constricts your adder skeleton.
Pargi closely misses you. Pargi claws you. x2
Your adder skeleton bites the ball python.
The ball python dies!
You hit Pargi. You burn Pargi.
Pargi is moderately wounded.
Pargi bites you!
* * * LOW HITPOINT WARNING * * *
Pargi misses you. Pargi claws you but does no damage.
Your adder skeleton closely misses Pargi.
Casting: Necrotise (safe; 1% risk of failure)
Confirm with . or Enter, or press ? or * to list all spells.
Aiming: Necrotise (safe; 1% risk of failure)
Press: ? - help, Shift-Dir - straight line, f/p - Pargi
Aim: Pargi (moderately wounded, ally target, chance to affect: 85%) Pargi writhes in agony.
Pargi pleads, "Don't hit me!"
Pargi barely misses you. Pargi misses you. You block Pargi's attack.
Your adder skeleton barely misses Pargi.
You closely miss Pargi. You kick Pargi, but do no damage.
Pargi is moderately wounded.
Your adder skeleton bites Pargi.
Pargi bites you!
You die...

###≈≈≈≈≈≈≈≈≈≈≈≈≈≈≈≈≈≈≈≈≈≈##
#≈≈≈≈≈≈≈≈≈≈≈≈≈≈≈≈≈≈≈≈≈≈≈≈≈#
≈≈≈≈≈≈≈≈≈≈≈≈≈≈≈≈≈≈≈≈≈≈≈≈≈≈≈#
≈≈≈≈≈≈≈≈≈≈≈≈≈≈~~≈≈≈≈≈≈≈≈≈≈≈#
≈≈≈≈≈≈≈~.~~≈~.##~≈≈≈≈≈≈≈≈≈≈≈
≈≈≈≈≈≈~#..#†#.###..≈≈≈≈≈≈≈≈≈
≈≈≈≈≈~#####Z### ###.≈≈≈≈≈≈≈≈
≈≈≈≈≈~ #T# ##~≈≈≈≈≈≈≈≈ ≈S≈≈~
#@# #..≈≈≈≈≈≈≈≈ ≈≈≈≈. #~#
##.~≈≈≈≈≈≈≈ ≈≈≈T #~#
##..≈≈≈≈≈≈ ≈≈≈. ##~##
##~≈≈≈≈≈≈ #...# #.~≈≈≈≈≈
#.∩.# ##.~≈≈≈≈ #...# #.~≈≈≈≈
##### ##~≈≈≈≈ ##~≈≈≈≈


You could see Pargi (ally target) and a friendly adder skeleton.

Vanquished Creatures
  A hound (D:4)
  Jessica (D:3)
  Terence (D:3)
  6 adders
  A river rat (D:5)
  A dart slug (D:4)
  3 ribbon worms
  9 orcs
  6 endoplasms
  5 giant cockroaches
  11 goblins
  4 hobgoblins
  5 jackals
  5 ball pythons
  5 bats
  2 frilled lizards
  5 kobolds
  8 rats
79 creatures vanquished.

Vanquished Creatures (collateral kills)
  A bat (D:2)
  An endoplasm (D:2)
  A goblin (D:2)
  A jackal (D:2)
  A ball python (Sewer)
5 creatures vanquished.

Grand Total: 84 creatures vanquished

Notes
Turn   | Place    | Note
-------+----------+-------------------------------------------
     0 | D:1      | PaiMei the Demonspawn Necromancer began the quest for the
                  | Orb.
     0 | D:1      | Reached XP level 1. HP: 13/13 MP: 3/3
   169 | D:1      | Found Ruatylue's Book Boutique.
   421 | D:1      | Gained mutation: A meltable shield of frost defends you.
                  | (SH +4) [demonic ancestry]
   421 | D:1      | Reached XP level 2. HP: 19/19 MP: 0/5
  1139 | D:2      | Gained mutation: You have large cloven feet. [demonic
                  | ancestry]
  1139 | D:2      | Reached XP level 3. HP: 25/25 MP: 3/6
  1143 | D:2      | Learned a level 3 spell: Vampiric Draining
  1264 | D:2      | Reached skill level 1 in Fighting
  2150 | D:3      | Reached XP level 4. HP: 3/32 MP: 0/7
  2741 | D:3      | Noticed Sigmund
  3441 | D:3      | Noticed Jessica
  3445 | D:3      | Killed Jessica
  3446 | D:3      | Reached skill level 5 in Necromancy
  3743 | D:3      | Noticed Terence
  3751 | D:3      | Killed Terence
  3752 | D:3      | Reached XP level 5. HP: 27/38 MP: 1/9
  4922 | D:5      | Entered Level 5 of the Dungeon
  5130 | D:5      | Found a glowing drain.
  5139 | Sewer    | Entered a sewer
  5577 | Sewer    | Noticed Pargi
  5596 | Sewer    | Slain by Pargi

Illustrated notes

Levels and vault maps discovered:
D:1:      tarquinn_simple_flora_water_a, layout_loops_ring, serial_shops,
          nicolae_shop_back_alley_shop, chequers_serial_rivers_micro_a
D:2:      layout_rooms, minmay_goblin_kobold_house
D:3:      layout_loops_corners, serial_bayou_ford_a, skrybe_limestone_x,
          kennysheep_cross_bottleneck, uniq_jessica, uniq_sigmund, uniq_terence
D:4:      layout_basic, minmay_misc_feat_alley
D:5:      layout_basic, dancing_weapons_uskayaw,
          minmay_temple_entry_stoned_glass, portal_sewer_entry_b
Sewer:    sewer_co_pargi_island

Skill      XL: |  1  2  3  4  5 |
---------------+----------------+-----
Stealth        | 2 |  2.0
Dodging        | 2 3 |  3.1
Fighting       | 1 2 |  2.4
Necromancy     | 5 |  5.4
Spellcasting   | 3 |  3.2

Action                     |  1- 3 |  4- 6 || total
---------------------------+-------+-------++-------
  Melee: Club              |    12 |       ||    12
         Hand axe          |     7 |    19 ||    26
         Kick              |     5 |     5 ||    10
         Punch             |       |     1 ||     1
   Cast: Necrotise         |    73 |    83 ||   156
 Armour: Robe              |    39 |    40 ||    79
  Dodge: Dodged            |    22 |    33 ||    55
  Block: Other             |     6 |    15 ||    21
